 Dungeon Crawl Stone Soup version 0.29.1-13-g9f3cf754e1 (webtiles) character file.

Game seed: 12526360127172826652

1087 Peloso the Slasher (level 8, -1/68 HPs)
             Began as a Minotaur Fighter on Jan 22, 2023.
             Was a Follower of Okawaru.
             Slain by a sky beast (4 damage)
             ... on level 6 of the Dungeon.
             The game lasted 00:07:47 (4930 turns).

Peloso the Slasher (Minotaur Fighter)               Turns: 4930, Time: 00:07:48

Health: -1/68      AC: 10    Str: 21    XL:     8   Next: 9%
Magic:  0/7        EV: 10    Int:  5    God:    Okawaru [*.....]
Gold:   278        SH:  5    Dex: 12    Spells: 7/7 levels left

rFire   . . .      SeeInvis .   a - +0 long sword
rCold   . . .      Faith    .   c - +0 buckler
rNeg    . . .      Spirit   +   b - +0 scale mail
rPois   +          Reflect  .   (helmet restricted)
rElec   .          Harm     .   v - +1 cloak {rPois}
rCorr   .          Rampage  .   (no gloves)
Will    .....                   (no boots)
Stlth   ..........              h - amulet of guardian spirit
HPRegen 0.21/turn               s - ring of flight
MPRegen 0.10/turn               (no ring)

@: flying
A: horns 2, retaliatory headbutt
a: Renounce Religion, Heroism


You were on level 6 of the Dungeon.
You worshipped Okawaru.
Okawaru was aware of your devotion.
You visited 2 branches of the dungeon, and saw 7 of its levels.

You collected 278 gold pieces.

Inventory:

Hand Weapons
 a - a +0 long sword (weapon)
Armour
 b - a +0 scale mail (worn)
 c - a +0 buckler (worn)
 q - a scarf of shadows
 v - a +1 cloak of poison resistance (worn)
Jewellery
 e - a ring of protection from cold
 h - an amulet of guardian spirit (around neck)
 s - a ring of flight (left hand)
 t - a ring of ice
Wands
 r - a wand of digging (3)
 u - a wand of quicksilver (3)
Scrolls
 k - 3 scrolls of teleportation
 m - 2 scrolls of poison
 o - a scroll of fear
Potions
 d - a potion of might
 f - a potion of mutation
 g - 3 potions of heal wounds
 i - 2 potions of invisibility
 j - a potion of resistance
 l - a potion of curing {unknown}
 n - a potion of brilliance
 w - a potion of ambrosia {unknown}


   Skills:
 + Level 5.2 Fighting
 + Level 7.2 Long Blades
 + Level 6.8 Armour
 + Level 2.9 Dodging
 + Level 0.5 Stealth
 + Level 5.7 Shields


You had 7 spell levels left.
You didn't know any spells.
Your spell library contained the following spells:

 Spells                   Type           Power      Damage    Failure   Level
 Freeze                   Ice            0%         1d3       86%         1
 Necrotise                Necr           0%         1d4       86%         1
 Frozen Ramparts          Ice            0%         1d1       99%         3
 Portal Projectile        Hex/Tloc       0%         N/A       99%         3
 Vampiric Draining        Necr           0%         2d6       99%         3
 Hailstorm                Conj/Ice       0%         3d3       100%        4
 Agony                    Necr           0%         N/A       100%        5
 Blade Hands              Tmut           0%         N/A       100%        5
 Tukima's Dance           Hex            Unusable   N/A       N/A         3

Dungeon Overview and Level Annotations

Branches:
Dungeon (6/15)             Temple (1/1) D:5

Altars:
Ashenzari
Cheibriados
Dithmenos
Elyvilon
Fedhas
Gozag
Makhleb
Okawaru
Qazlal
Sif Muna
Uskayaw
Vehumet
Wu Jian
Xom
Yredelemnul
Zin


Innate Abilities, Weirdness & Mutations

You have a pair of horns on your head.
You reflexively headbutt those who attack you in melee.


Message History

Okawaru accepts your kill.
Your Long Blades skill increases to level 7!
Things that are here:
a +1 great sword of freezing; a +0 leather armour The sky beast flickers out of sight!
Deactivating autopickup; reactivate with Ctrl-A.
Something hits you but does no damage.
You hit something. Your headbutt misses something.
Something hits you but does no damage.
You don't have enough magic at the moment.
You miss something. Something hits you but does no damage.
You closely miss something. Something hits you but does no damage.
You slash something! Something hits you but does no damage.
You block something's attack.
You closely miss something. Something hits you but does no damage.
You slash something! Something hits you but does no damage.
You miss something. Something hits you but does no damage.
You miss something. Something hits you but does no damage.
You closely miss something.
A sky beast appears from thin air!
Reactivating autopickup.
The sky beast hits you.
* * * LOW HITPOINT WARNING * * *
The sky beast shocks you.
* * * LOW HITPOINT WARNING * * *
You barely miss the sky beast.
The sky beast is severely wounded.
The sky beast closely misses you.
You barely miss the sky beast.
The sky beast is severely wounded.
The sky beast hits you but does no damage.
You hit the sky beast.
The sky beast is almost dead.
The sky beast flickers out of sight!
Deactivating autopickup; reactivate with Ctrl-A.
Something hits you but does no damage.
You closely miss something. Something hits you but does no damage.
You hit something but do no damage. Something hits you.
* * * LOW HITPOINT WARNING * * *
Something shocks you.
You die...

......... ... .##
......... #.# ...
.##>#.##.###.####.#
. ## .#
....##)##...# .. #
..# #..#)##.### $.#
##.# #...)##)# ....
..< #..>...)###..#
.#####
#.#.##......#
.....#
#...##..@.#.#
.....# ###......{##
.....# ...........#
######
.......?.#...#
.........#..##
.z........#.... ##
...<...$...##.##.
.# #......#.#### ..
.... #.###.


There were no monsters in sight!

Vanquished Creatures
  A water moccasin (D:6)
  A black bear (D:6)
  A sky beast (D:6)
  A centaur (D:5)
  A necrophage (D:5)
  A kobold brigand (D:6)
  A scorpion (D:5)
  3 wights (D:6)
  A jelly (D:5)
  2 hounds (D:5)
  Crazy Yiuf (D:5)
  2 iguanas (D:5)
  4 gnolls (D:2)
  6 adders
  2 ufetubi
  A worm (D:5)
  2 dart slugs
  4 orcs
  7 bats
  6 endoplasms
  3 giant cockroaches
  6 goblins
  9 hobgoblins
  7 jackals
  8 kobolds
  8 quokkas
  3 ball pythons
  5 frilled lizards
  7 rats
104 creatures vanquished.

Vanquished Creatures (others)
  A plant (D:4)
1 creature vanquished.

Grand Total: 105 creatures vanquished

Notes
Turn   | Place    | Note
-------+----------+-------------------------------------------
     0 | D:1      | Peloso the Minotaur Fighter began the quest for the Orb.
     0 | D:1      | Reached XP level 1. HP: 19/19 MP: 0/0
    59 | D:1      | Reached XP level 2. HP: 20/27 MP: 1/1
   552 | D:1      | Reached XP level 3. HP: 32/33 MP: 2/2
   908 | D:2      | Reached skill level 1 in Dodging
  1126 | D:2      | Reached skill level 3 in Long Blades
  1151 | D:2      | Reached XP level 4. HP: 32/40 MP: 3/3
  1353 | D:2      | Reached skill level 4 in Long Blades
  1778 | D:2      | Reached XP level 5. HP: 40/46 MP: 4/4
  2521 | D:3      | Found a faded altar of an unknown god.
  3071 | D:4      | Noticed an ogre
  3085 | D:5      | Entered Level 5 of the Dungeon
  3094 | D:5      | Reached skill level 5 in Armour
  3263 | D:5      | Reached XP level 6. HP: 35/53 MP: 5/5
  3277 | D:4      | Identified the +5 mace "Yfauth" {distort, rPois rF- Int+2
                  | Stlth+}
  3415 | D:5      | Reached skill level 5 in Long Blades
  3713 | D:5      | Found a broken altar of Ashenzari.
  3714 | D:5      | Found a staircase to the Ecumenical Temple.
  3773 | Temple   | Entered the Ecumenical Temple
  3869 | Temple   | Became a worshipper of Warmaster Okawaru
  4069 | D:5      | Reached XP level 7. HP: 10/60 MP: 3/6
  4423 | D:5      | Found a runed translucent door.
  4424 | D:5      | Noticed Crazy Yiuf
  4432 | D:5      | Killed Crazy Yiuf
  4680 | D:5      | Found an opulent altar of Gozag.
  4774 | D:6      | Reached skill level 6 in Long Blades
  4774 | D:6      | Reached skill level 5 in Shields
  4791 | D:6      | Reached * piety under Okawaru
  4845 | D:6      | Found a snail-covered altar of Cheibriados.
  4874 | D:6      | Reached skill level 5 in Fighting
  4908 | D:6      | Reached XP level 8. HP: 21/68 MP: 0/7
  4914 | D:6      | Reached skill level 7 in Long Blades
  4930 | D:6      | HP: 3/68 [something (2)]
  4930 | D:6      | Slain by a sky beast

Illustrated notes

Levels and vault maps discovered:
D:1:      dpeg_arrival_boxorama, layout_basic, minmay_strange_pillars
D:2:      layout_basic
D:3:      layout_basic, chequers_ecumenical_altar_grove
D:4:      layout_basic, nicolae_hepliaklqana_hazy_memory
D:5:      layout_rooms, ashenzari_conservatory_becter,
          overflow_temple_1_default, minmay_temple_entry_enclosed_plants,
          kennysheep_generic_room_11, uniq_crazy_yiuf_cottage
D:6:      layout_rooms, lemuel_tele_altar, portal_sewer_entry_f,
          minmay_microvault
Temple:   bh_familiar_temple

Skill      XL: |  1  2  3  4  5  6  7  8 |
---------------+-------------------------+-----
Fighting       | 4 5 |  5.2
Armour         | 4 5 6 |  6.8
Shields        | 4 5 |  5.7
Dodging        | 1 2 |  2.9
Long Blades    | 3 4 5 6 7 |  7.2
Stealth        | |  0.5

Action                   |  1- 3 |  4- 6 |  7- 9 || total
-------------------------+-------+-------+-------++-------
Melee: Long sword        |   103 |   142 |    73 ||   318
       Headbutt          |     6 |    21 |    13 ||    40
Invok: Heroism           |       |       |     2 ||     2
  Use: Scroll            |       |     9 |     1 ||    10
       Potion            |       |     1 |     1 ||     2
Armor: Scale mail        |    66 |    78 |    36 ||   180
Dodge: Dodged            |    66 |    78 |    23 ||   167
Block: Buckler           |    29 |    41 |    21 ||    91
